 Dungeon Crawl Stone Soup version 0.31-a0-321-g19405a7a6a (webtiles) character file.

Game seed: 4510439432244335073

469 Pooter the Chopper (level 6, -2/82 HPs)
             Began as a Minotaur Delver on July 18, 2023.
             Succumbed to a gnoll's poison
             ... on level 3 of the Dungeon.
             The game lasted 00:22:22 (3389 turns).

Pooter the Chopper (Minotaur Delver)                Turns: 3389, Time: 00:22:22

Health: -2/82      AC: 23    Str: 18    XL:     6   Next: 82%
Magic:  3/5        EV:  2    Int:  7    God:
Gold:   72         SH:  4    Dex: 12    Spells: 5/5 levels left

rFire   + . .        a - +1 war axe
rCold   + . .        b - +1 buckler
rNeg    + . .        h - melded +0 chain mail
rPois   +            (helmet currently unavailable)
rElec   +            (cloak currently unavailable)
rCorr   +            m - melded +0 pair of gloves
SInv    +            (boots currently unavailable)
Will    +....        G - amulet of guardian spirit
Stlth   +++          S - ring of see invisible
HPRegen 0.33/turn    N - ring of positive energy
MPRegen 0.09/turn

%: guardian spirit
@: lethally poisoned (-2 -> -18), tree-form, resistant, enlightened
A: stationary, stasis, torment immunity, boosted hp, (horns 2), (retaliatory
headbutt)
a: no special abilities


You were on level 3 of the Dungeon.
You were a tree.
You visited 1 branch of the dungeon, and saw 5 of its levels.

You collected 72 gold pieces.

Inventory:

Hand Weapons
 a - a +1 war axe (weapon)
   (You found it on level 1 of the Dungeon)
 n - a +0 trident
   (You found it on level 3 of the Dungeon)
 q - a +0 halberd
   (You took it off a gnoll on level 2 of the Dungeon)
Missiles
 j - 4 poisoned darts (quivered)
 Q - 4 stones
Armour
 b - a +1 buckler (worn)
   (You found it on level 1 of the Dungeon)
 h - a +0 chain mail (melded)
   (You found it on level 4 of the Dungeon)
 m - a +0 pair of gloves (melded)
   (You found it on level 2 of the Dungeon)
Jewellery
 G - an amulet of guardian spirit (around neck)
   (You found it on level 1 of the Dungeon)
 N - a ring of positive energy (right branch)
   (You found it on level 3 of the Dungeon)
 S - a ring of see invisible (left branch)
   (You found it on level 1 of the Dungeon)
Wands
 D - a wand of digging (3)
Scrolls
 c - a scroll of fog
 e - a scroll of fear
 k - a scroll of butterflies
 l - 2 scrolls of blinking
 p - a scroll of revelation
 t - 2 scrolls of teleportation {@r4}


   Skills:
 + Level 4.9 Fighting
 * Level 5.5 Axes
 * Level 4.3 Ranged Weapons
 - Level 2.1 Dodging
 + Level 4.9 Stealth


You had 5 spell levels left.
You didn't know any spells.
Your spell library contained the following spells:

 Spells                   Type           Power      Damage    Failure   Level
 Volatile Blastmotes      Fire/Tloc      0%         2d10      88%         3
 Fulminant Prism          Conj/Hex       0%         3d5       99%         4
 Iskenderun's Mystic Bla  Conj/Tloc      0%         2d3       99%         4


Dungeon Overview and Level Annotations

Branches:
Dungeon (5/15) Zot: 23828
 Temple: D:4-7

Altars:

Shops:
D:1 :   D:3 (   D:4 :


Innate Abilities, Weirdness & Mutations

You are a tree.
Your roots penetrate the ground, keeping you stationary.
You cannot be teleported.
You are immune to unholy pain and torment.
Your maximum health is greatly increased.
Your equipment is partially melded.
((You have a pair of horns on your head.))
((You reflexively headbutt those who attack you in melee.))


Message History

The gnoll hits you with a +0 spear of venom.
You are poisoned.
The gnoll barely misses you. You furiously retaliate!
You headbutt the gnoll! You completely miss the gnoll.
Your headbutt misses the gnoll. You slash the gnoll!
You kill the gnoll!
You hit the gnoll.
You feel very sick. The gnoll completely misses you.
The gnoll closely misses you.
You slash the gnoll! Your headbutt misses the gnoll. You slash the gnoll!
You kill the gnoll!
You feel sick. The gnoll hits you but does no damage.
You are more poisoned.
You barely miss the gnoll.
You feel very sick.
The gnoll hits you with a +0 spear of venom.
You are more poisoned.
You closely miss the gnoll. Your headbutt misses the gnoll.
You feel very sick.
The gnoll hits you with a +0 spear of venom!
You are lethally poisoned!
The gnoll hits you with a +0 spear of venom.
You are more poisoned.
You slash the gnoll!
You kill the gnoll!
* * * LOW HITPOINT WARNING * * *
You feel extremely sick.
Unknown command.
There is a lethal amount of poison in your body!
It was a potion of enlightenment.
You feel very buoyant.
You fly up into the air.
* * * LOW HITPOINT WARNING * * *
You feel extremely sick.
It was a potion of lignification.
You turn into a tree.
Your +0 pair of gloves melds into your body.
Your +0 chain mail melds into your body.
Your roots penetrate the ground.
* * * LOW HITPOINT WARNING * * *
You feel extremely sick.
It was a potion of resistance.
You feel protected.
* * * LOW HITPOINT WARNING * * *
You feel very sick.
There is a lethal amount of poison in your body!
There is a lethal amount of poison in your body!
As you read the scroll labelled DOYCWIRPHOMOM, it crumbles to dust.
It is a scroll of enchant armour.
Your +0 buckler glows green for a moment.
You die...

.................................
.................................
#......####.####.##.###..........
#......####......##.###...#...#.#
#...............................#
#......####.####.##.###..........
<................................
################.)...............
.... ((.(...()♣)......#.#......
#### .###########.###.#.#...#.#
## #.............. ..
#.###.#.#...#.# ## #.#
#.......... #.# #.#.#...#.# #.#
#.#.#.....# #.###.#.#......
#..............


There were no monsters in sight!

Vanquished Creatures
  Sigmund (D:3)
  2 orc priests (D:3)
  2 orc wizards (D:3)
  8 gnolls
  4 adders (D:3)
  An ufetubus (D:4)
  2 worms
  A dart slug (D:3)
  An orc (D:3)
  4 bats
  5 endoplasms
  6 giant cockroaches
  8 goblins
  A hobgoblin (D:1)
  6 jackals
  7 kobolds
  5 ball pythons
  A frilled lizard (D:1)
  7 rats
72 creatures vanquished.

Notes
Turn   | Place    | Note
-------+----------+-------------------------------------------
     0 | D:5      | Pooter the Minotaur Delver began the quest for the Orb.
     0 | D:5      | Reached XP level 1. HP: 19/19 MP: 0/0
    23 | D:5      | Noticed an iguana
    89 | D:4      | Noticed a scorpion
    89 | D:4      | Noticed a two-headed ogre
   132 | D:4      | Found Figumm's Book Boutique.
   162 | D:4      | Noticed a sleepcap
   220 | D:3      | Noticed an orc wizard
   221 | D:3      | Noticed an orc wizard
   222 | D:3      | Noticed an orc priest
   225 | D:3      | Noticed an orc priest
   236 | D:2      | Reached XP level 2. HP: 27/27 MP: 1/1
   251 | D:1      | Reached skill level 1 in Ranged Weapons
   538 | D:1      | Reached skill level 3 in Axes
   608 | D:1      | Found Xoel's Book Boutique.
  1004 | D:2      | Reached XP level 3. HP: 28/33 MP: 2/2
  2166 | D:3      | Reached XP level 4. HP: 39/40 MP: 3/3
  2446 | D:3      | Noticed Sigmund
  2652 | D:2      | Reached skill level 4 in Axes
  2898 | D:3      | Reached XP level 5. HP: 45/47 MP: 2/4
  3151 | D:3      | Killed Sigmund
  3152 | D:3      | Reached skill level 5 in Axes
  3152 | D:3      | Reached XP level 6. HP: 39/55 MP: 3/5
  3264 | D:3      | Found Udgho's Antique Weapon Emporium.
  3388 | D:3      | HP: 2/82 [poisoned by a gnoll]
  3389 | D:3      | Succumbed to a gnoll's poison

Illustrated notes

Levels and vault maps discovered:
D:1:      roderic_crop_circles_arrival_small, layout_basic, serial_shops, shop,
          serial_aquarium, aquarium_bridge_square [aquarium_subvault_balcony,
          aquarium_subvault_bridge, aquarium_subvault_bridge,
          aquarium_subvault_window], aquarium_window_1, aquarium_window_fake,
          aquarium_view_2b, aquarium_pool_four
D:2:      layout_basic
D:3:      layout_basic, serial_shops, nicolae_shop_pleasant_corner_grove,
          uniq_sigmund
D:4:      layout_rooms, kennysheep_ying_yang, serial_corexii_hall,
          corexii_hall_statues_u, corexii_hall_statues_i, serial_shops,
          nicolae_shop_rolling_square, minmay_misc_feat_cross
D:5:      layout_layer_cave, hangedman_decor_growths,
          hangedman_abyss_or_decor_lesser_grid

Skill      XL: |  1  2  3  4  5 |
---------------+----------------+-----
Ranged Weapons | 1 2 4 |  4.3
Axes           | 3 4 5 |  5.5
Fighting       | 4 |  4.9
Dodging        | |  2.1
Stealth        | |  4.9

Action                     |  1- 3 |  4- 6 || total
---------------------------+-------+-------++-------
  Melee: Hand axe          |    10 |       ||    10
         War axe           |    87 |    55 ||   142
         Headbutt          |    12 |     5 ||    17
  Throw: Stone             |    17 |       ||    17
         Dart              |    10 |    10 ||    20
    Use: Scroll            |     5 |     5 ||    10
         Potion            |     1 |     6 ||     7
 Armour: Chain mail        |    79 |    34 ||   113
         Leather armour    |     1 |       ||     1
  Dodge: Dodged            |    55 |    17 ||    72
  Block: Buckler           |    29 |     4 ||    33

Table legend: (Time is in decaauts)
 A = Elapsed time spent in this place.
 B = Non-inter-level travel time spent in this place.
 C = Inter-level travel time spent in this place.
 D = Time resting spent in this place.
 E = Time spent auto-exploring this place.
 F = Levels seen in this place.
 G = Mean time per level.
                   A        B        C        D        E       F      G
               +--------+--------+--------+--------+--------+-----+--------+
         Total |   3393 |   3326 |     67 |    886 |   1198 |   5 |  678.6 |
       Dungeon |   3393 |   3326 |     67 |    886 |   1198 |   5 |  678.6 |
               +--------+--------+--------+--------+--------+-----+--------+

Top non-repeatable levels by time:
     D:3: 1368 daAuts
     D:1: 917 daAuts
     D:2: 909 daAuts
     D:4: 109 daAuts
     D:5: 89 daAuts
